 Dungeon Crawl Stone Soup version 0.17-a0-1446-gc28613e (webtiles) character file.

8347 pulse the Cleaver (level 11, -2/88 HPs)
             Began as a Hill Orc Necromancer on June 28, 2015.
             Was a High Priest of Beogh.
             Killed from afar by a gargoyle (22 damage)
             ... with a stone arrow
             ... on level 10 of the Dungeon.
             The game lasted 00:49:35 (12562 turns).

pulse the Cleaver (Hill Orc Necromancer)           Turns: 12562, Time: 00:49:35

Health: -2/88      AC: 21    Str: 15    XL:     11   Next: 29%
Magic:  14/14      EV: 11    Int: 19    God:    Beogh [*****.]
Gold:   414        SH:  0    Dex: 11    Spells: 3 memorised, 6 levels left

rFire  + . .     SeeInvis .     e - +6 broad axe of Earthquakes {freeze, -Tele rF+ rN+}
rCold  + . .     Clarity  .     A - +3 ring mail {rC+}
rNeg   + . .     SustAt   .     (no shield)
rPois  .         Gourm    .     (no helmet)
rElec  .         Spirit   .     (no cloak)
rCorr  .         Warding  .     y - +1 pair of gloves
rMut   .         NoTele   +     D - +2 pair of boots {Fly}
MR     .....                    (no amulet)
Stlth  +.........               r - +4 ring of protection
                                k - +4 ring of intelligence

@: flying, slowed, very slow, not resistant to hostile enchantments, very
unstealthy
A: walk on water
a: Smiting, Recall Orcish Followers, Give Item to Named Follower, Renounce
Religion, Stop Flying


You were on level 10 of the Dungeon.
You worshipped Beogh.
Beogh was extremely pleased with you.
You were not hungry.

You visited 1 branch of the dungeon, and saw 10 of its levels.
You also visited: Ossuary.

You collected 657 gold pieces.
You spent 243 gold pieces at shops.

Inventory:

Hand weapons
 e - the +6 broad axe of Earthquakes (weapon) {freeze, -Tele rF+ rN+}
   (You bought it in a shop on level 5 of the Dungeon)

   It has been specially enchanted to freeze those struck by it, causing extra
   injury to most foes and up to half again as much damage against particularly
   susceptible opponents.
   It can also slow down cold-blooded creatures.
   It protects you from fire.
   It protects you from negative energy.
   It prevents most forms of teleportation.
Armour
 u - a +0 chain mail
 y - a +1 pair of gloves (worn)
 A - a +3 ring mail of cold resistance (worn)
 D - a +2 pair of boots of flying (worn)
Magical staves
 a - an uncursed staff of summoning
Jewellery
 i - an uncursed ring of sustain attributes
 k - a +4 ring of intelligence (left hand)
 r - a +4 ring of protection (right hand)
 t - an uncursed amulet of stasis
Magical devices
 m - a wand of frost (25)
 o - a wand of confusion (17)
 C - a wand of teleportation (3)
 F - a wand of cold (6)
 J - a wand of slowing (36)
 L - a wand of slowing (30)
Scrolls
 f - a scroll of enchant armour
 j - 5 scrolls of teleportation
 v - a scroll of magic mapping
 x - 2 scrolls of remove curse
 z - 2 scrolls of identify
 B - 3 scrolls of blinking
 E - a scroll of recharging
 G - 7 scrolls of amnesia
Potions
 d - 3 potions of haste
 g - 2 potions of poison
 l - 3 potions of lignification
 n - 4 potions of flight
 p - 2 potions of might
 q - a potion of resistance
 s - 2 potions of curing
 w - 2 potions of magic
 H - a potion of brilliance {unknown}
 I - a potion of berserk rage
 K - 3 potions of agility
Books
 b - a book of Necromancy

   Spells                             Type                      Level
   a - Pain                           Necromancy                   1
   b - Animate Skeleton               Necromancy                   1
   c - Vampiric Draining              Necromancy                   3
   d - Regeneration                   Charms/Necromancy            3
   e - Animate Dead                   Necromancy                   4
   f - Control Undead                 Necromancy                   4
Miscellaneous
 M - a fan of gales
Comestibles
 c - 6 bread rations
 h - 2 meat rations
 N - 7 beef jerkies


   Skills:
 - Level 5.6 Fighting
 * Level 12.7 Axes
 + Level 11.2 Armour
 - Level 2.1 Dodging
 - Level 1.5 Stealth
 + Level 2.0 Spellcasting
 - Level 1.0 Charms
 * Level 8.3 Necromancy
 - Level 1.0 Evocations


You had 6 spell levels left.
You knew the following spells:

 Your Spells              Type           Power        Failure   Level  Hunger
a - Pain                  Necr           ####         1%          1    #......
b - Regeneration          Chrm/Necr      ###.......   14%         3    ###....
c - Animate Dead          Necr           N/A          12%         4    #####..


Dungeon Overview and Level Annotations

Branches:
Dungeon (10/15)            Temple (0/1) D:5            Lair (0/8) D:9
    Orc: D:9-12

Altars:
Dithmenos
Makhleb
Okawaru
Trog
Vehumet
Xom
Yredelemnul

Shops:
D:5 (

Annotations:
D:10 Erica


Message History

Something hits you but does no damage.
You barely miss the gargoyle.
The gargoyle is heavily damaged.
You miss something. The gargoyle hits you with a mace!
* * * LOW HITPOINT WARNING * * *
Something hits you.
* * * LOW HITPOINT WARNING * * *
You are too injured to fight recklessly!
You are too injured to fight recklessly!
You are too injured to fight recklessly!
You cannot teleport because you are wielding the +6 broad axe of Earthquakes {freeze, -Tele rF+ rN+}.
You feel better.
The gargoyle hits you but does no damage.
Something hits you.
* * * LOW HITPOINT WARNING * * *
Something burns you.
* * * LOW HITPOINT WARNING * * *
The gargoyle hurls a stone arrow at you.
The stone arrow hits you!
You die...

........####
...........#
...........#
...........
..........#
#........#
#.....9{.#
#.....@..#
#........#
+......o.#
###...(..#
+......# .#+##
+......# ......
#...####
..<...######...#
...............#


You could see a gargoyle and a friendly orc knight.

Vanquished Creatures
  The ghost of Eleanoora the Basher, an experienced FoHu of Makhleb (D:7)
  Psyche (D:9)
  2 komodo dragons (D:9)
  The ghost of DrClinical the Gusty, an average DrAE of Dithmenos (D:5)
  The ghost of patman the Chiller, an average OpIE (D:4)
  A hungry ghost (D:9)
  A hippogriff (D:7)
  A necrophage (D:9)
  2 black bears
  A sky beast (D:8)
  2 phantoms
  5 ogres
  6 centaurs
  2 orc warriors
  A gnoll sergeant (D:9)
  2 crocodiles
  Blork the orc (D:4)
  4 giant frogs
  A wyvern skeleton (D:9)
  A scorpion (D:8)
  2 killer bees (D:8)
  4 wights
  3 giant frog zombies
  3 jellies
  An orc priest (D:4)
  4 crimson imps
  A centaur zombie (D:6)
  2 giant frog skeletons
  2 orc wizards
  Ijyb (D:2)
  7 hounds
  Terence (D:2)
  3 worker ants
  A hound skeleton (D:8)
  8 mummies (Ossuary)
  2 worker ant zombies
  10 gnolls
  A shadow imp (D:6)
  8 adders
  3 oozes
  3 worms
  6 giant geckos
  34 orcs
  4 ball pythons
  2 giant cockroaches
  5 goblins
  18 hobgoblins
  9 jackals
  6 quokkas
  14 bats
  A giant gecko skeleton (D:5)
  4 giant newts
  2 hobgoblin zombies (Ossuary)
  11 kobolds
  5 kobold zombies (Ossuary)
  An orc zombie (Ossuary)
  16 rats
245 creatures vanquished.

Vanquished Creatures (collateral kills)
  A hydra (D:8)
  Pikel (D:7)
  A two-headed ogre (D:9)
  A wyvern (D:9)
  A yak (D:9)
  A hippogriff (D:8)
  Menkaure (D:7)
  A steam dragon (D:9)
  3 sky beasts
  An orc warrior (D:8)
  A slave (D:7)
  4 ice beasts
  A crocodile (D:9)
  2 centaurs (D:9)
  A big kobold (D:7)
  A giant frog (D:10)
  A scorpion (D:7)
  7 killer bees (D:8)
  6 wights
  A crimson imp (D:8)
  2 orc priests (D:7)
  A jelly (D:7)
  A hound (D:9)
  An orc wizard (D:7)
  3 iguanas
  A sheep (D:9)
  2 worker ants (D:9)
  3 hound zombies
  3 gnolls (D:9)
  A shadow imp (D:9)
  An orc (D:8)
  A hobgoblin (D:7)
  A quokka (D:9)
  3 kobolds (D:7)
61 creatures vanquished.

Vanquished Creatures (others)
  A centaur (D:10)
  5 orcs
  A goblin (D:7)
7 creatures vanquished.

Grand Total: 313 creatures vanquished

Notes
Turn   | Place    | Note
--------------------------------------------------------------
     0 | D:1      | pulse the Hill Orc Necromancer began the quest for the Orb.
     0 | D:1      | Reached XP level 1. HP: 14/14 MP: 3/3
   342 | D:1      | Reached skill level 1 in Fighting
   342 | D:1      | Reached XP level 2. HP: 8/23 MP: 4/4
  1263 | D:1      | Reached XP level 3. HP: 21/28 MP: 2/5
  1391 | D:1      | Learned a level 3 spell: Regeneration
  1580 | D:2      | Noticed Ijyb
  1645 | D:2      | Killed Ijyb
  1645 | D:2      | Reached skill level 5 in Necromancy
  1645 | D:2      | Reached XP level 4. HP: 30/35 MP: 3/6
  1927 | D:2      | Found an iron altar of Okawaru.
  2019 | D:2      | Reached skill level 1 in Armour
  2199 | D:2      | Noticed Terence
  2221 | D:2      | Killed Terence
  2419 | D:2      | Found a bloodstained altar of Trog.
  2497 | D:2      | Reached XP level 5. HP: 39/42 MP: 4/7
  3098 | D:3      | Found a basalt altar of Yredelemnul.
  3144 | D:3      | Became a worshipper of Beogh the Brigand
  3225 | D:3      | Reached skill level 6 in Necromancy
  3225 | D:3      | Reached XP level 6. HP: 44/51 MP: 8/8
  3630 | D:4      | Noticed Blork the orc
  3639 | D:4      | Killed Blork the orc
  3679 | D:4      | HP: 2/51 [orc/falchion (6)]
  4245 | D:4      | Noticed patman's ghost (average OpIE)
  4263 | D:4      | Acquired Beogh's first power
  4274 | D:4      | Killed patman's ghost
  4274 | D:4      | Reached skill level 1 in Axes
  4274 | D:4      | Reached XP level 7. HP: 21/59 MP: 6/9
  4669 | D:4      | Found a shimmering altar of Xom.
  5038 | D:5      | Entered Level 5 of the Dungeon
  5090 | D:5      | Noticed DrClinical's ghost (average DrAE)
  5133 | D:5      | Killed DrClinical's ghost
  5133 | D:5      | Reached skill level 5 in Armour
  5133 | D:5      | Reached XP level 8. HP: 39/67 MP: 8/10
  5303 | D:5      | Found Ycidghoar's Antique Weapon Boutique.
  5713 | D:5      | Reached skill level 5 in Fighting
  5813 | D:5      | Found a staircase to the Ecumenical Temple.
  6138 | D:5      | Reached skill level 1 in Charms
  6602 | D:5      | Reached skill level 7 in Armour
  6602 | D:5      | Reached skill level 1 in Evocations
  6731 | D:6      | Found a radiant altar of Vehumet.
  6780 | D:6      | Acquired Beogh's second power
  6972 | D:6      | Reached XP level 9. HP: 42/74 MP: 11/11
  7627 | D:6      | Reached skill level 8 in Armour
  8472 | D:6      | Reached skill level 5 in Axes
  8536 | D:7      | Noticed Eleanoora's ghost (experienced FoHu)
  8583 | D:7      | Killed Eleanoora's ghost
  8583 | D:7      | Reached skill level 9 in Armour
  8590 | D:7      | Acquired Beogh's third power
  8627 | D:7      | Found a sand-covered staircase.
  8642 | Ossuary  | Entered an ossuary
  9294 | D:5      | Bought a steaming broad axe for 243 gold pieces
  9294 | D:5      | Identified the +6 broad axe of Earthquakes {freeze, -Tele rF+ rN+} (You bought it in a shop on level 5 of the Dungeon)
  9488 | D:7      | Noticed Menkaure
  9490 | D:7      | Killed Menkaure
  9490 | D:7      | Reached skill level 10 in Armour
  9498 | D:7      | Reached XP level 10. HP: 78/82 MP: 12/12
  9536 | D:7      | Found a shadowy altar of Dithmenos.
  9617 | D:7      | Noticed Pikel
  9627 | D:7      | Killed Pikel
  9795 | D:8      | Acquired Beogh's fourth power
  9824 | D:8      | Learned a level 4 spell: Animate Dead
 10305 | D:8      | Noticed a six-headed hydra
 10329 | D:8      | Killed a seven-headed hydra
 10342 | D:8      | Reached skill level 10 in Axes
 10957 | D:8      | Found a burning altar of Makhleb.
 10958 | D:8      | Noticed a blizzard demon
 11349 | D:9      | Noticed Psyche
 11356 | D:9      | Killed Psyche
 11360 | D:9      | Reached skill level 11 in Axes
 11398 | D:9      | Found a staircase to the Lair.
 11401 | D:9      | Reached XP level 11. HP: 62/88 MP: 13/13
 11463 | D:9      | Acquired Beogh's fifth power
 11476 | D:9      | Reached skill level 12 in Axes
 12410 | D:10     | Entered Level 10 of the Dungeon
 12552 | D:10     | Noticed Erica
 12562 | D:10     | Killed from afar by a gargoyle

Vault maps used:
D:1:      roderic_crop_circles_arrival_small
D:2:      lightli_temple_of_fire, okawaru_metal_pillars_1_2,
          corexii_leaking_fountain, uniq_iyjb, uniq_terence
D:3:      lemuel_crystal_altar
D:4:      xom_teletrap_fun, portal_sewer_entry_b, uniq_blork_the_orc
D:5:      minmay_temple_entry_large_hall, first_bread, serial_shops,
          nicolae_shop_overgrown_old_shop
D:6:      old_standard_altar
D:7:      nicolae_dithmenos_the_darkroom, nicolae_ossuary_entry_ruins,
          uniq_pikel, uniq_menkaure
D:8:      makhleb_altar_promises_db, serial_glass, glass_columns_a,
          glass_columns_a, grunt_ogre_cave
D:9:      dpeg_lair_monsters, uniq_psyche
D:10:     zombieorc2_lemuel, uniq_erica
Ossuary:  ossuary_tomb_3

Action                   |  1- 3 |  4- 6 |  7- 9 | 10-12 || total
-------------------------+-------+-------+-------+-------++-------
Melee: Whip              |    49 |   211 |   482 |       ||   742
       Unarmed           |    11 |       |       |       ||    11
       War axe           |       |       |    46 |       ||    46
       Broad axe         |       |       |    12 |   179 ||   191
 Cast: Pain              |    18 |    24 |     9 |       ||    51
       Regeneration      |     2 |     2 |     7 |     2 ||    13
       Animate Dead      |       |       |       |     5 ||     5
Invok: Convert to Beogh  |       |     1 |       |       ||     1
Evoke: Wand              |       |       |     5 |     1 ||     6
  Use: Scroll            |     3 |    11 |     9 |     3 ||    26
       Potion            |     1 |     2 |     2 |     2 ||     7
 Stab: Sleeping          |     2 |     2 |       |       ||     4
       Confused          |       |       |     2 |       ||     2
       Distracted        |       |       |       |     3 ||     3
  Eat: Chunk             |     3 |     2 |     4 |     3 ||    12
       Meat ration       |       |     2 |       |     1 ||     3
       Fruit             |       |     1 |     2 |       ||     3
       Bread ration      |       |       |     2 |     1 ||     3
       Beef jerky        |       |       |     1 |       ||     1
       Pizza             |       |       |       |     1 ||     1
